 Dungeon Crawl Stone Soup version 0.28.0-53-g5a82cb258f (webtiles) character file.

Game seed: 12714933035822474461

208 LustLizard the Sneak (level 5, -3/25 HPs)
             Began as a Spriggan Enchanter on June 30, 2022.
             Slain by a gnoll
             ... wielding a +0 spear
              (5 damage)
             ... on level 3 of the Dungeon.
             The game lasted 00:08:53 (4383 turns).

LustLizard the Sneak (Spriggan Enchanter)           Turns: 4383, Time: 00:08:54

Health: -3/25      AC:  2    Str:  6    XL:     5   Next: 55%
Magic:  5/11       EV: 17    Int: 17    God:
Gold:   111        SH:  0    Dex: 15    Spells: 8/10 levels left

rFire   . . .      SeeInvis +   a - +1 dagger
rCold   . . .      Faith    .   (no shield)
rNeg    . . .      Spirit   .   b - +0 robe
rPois   .          Reflect  .   (helmet restricted)
rElec   .          Harm     .   (no cloak)
rCorr   .          Rampage  .   (gloves unavailable)
Will    .....                   (boots unavailable)
Stlth   +++.......              (no amulet)
HPRegen 0.08/turn               (no ring)
MPRegen 0.12/turn               (no ring)

@: very quick
A: very small, no large weapons, unfitting armour, see invisible, speed 3
a: no special abilities


You were on level 3 of the Dungeon.
You visited 1 branch of the dungeon, and saw 3 of its levels.

You collected 111 gold pieces.

Inventory:

Hand Weapons
 a - a +1 dagger (weapon)
 p - a +1 hunting sling of freezing
Missiles
 i - 63 stones (quivered)
 o - a throwing net
Armour
 b - a +0 robe (worn)
Scrolls
 d - a scroll of enchant weapon {unknown}
 e - a scroll of acquirement {unknown}
 f - a scroll of fog {unknown}
 g - 2 scrolls of identify {unknown}
 h - a scroll of teleportation {unknown}
 k - a scroll of torment {unknown}
 l - a scroll of blinking {unknown}
 n - a scroll of magic mapping {unknown}
Potions
 c - a potion of invisibility
 j - 2 potions of brilliance {unknown}
 m - a potion of attraction {unknown}


   Skills:
 + Level 1.5 Fighting
 * Level 3.1 Short Blades
 * Level 0.4 Slings
 - Level 2.6 Dodging
 + Level 5.4 Stealth
 + Level 3.4 Spellcasting
 * Level 5.2 Hexes


You had 8 spell levels left.
You knew the following spells:

 Your Spells              Type           Power      Damage    Failure   Level
a - Ensorcelled Hibernat  Hex/Ice        22%        N/A       9%          2

Your spell library contained the following spells:

 Spells                   Type           Power      Damage    Failure   Level
 Confusing Touch          Hex            20%        N/A       6%          3
 Tukima's Dance           Hex            20%        N/A       6%          3
 Sting                    Tmut/Pois      8%         1d3       17%         1
 Dazzling Flash           Conj/Hex       22%        N/A       17%         3
 Poisonous Vapours        Pois/Air       4%         N/A       26%         2
 Iskenderun's Mystic Bla  Conj/Tloc      2%         2d3       86%         4
 Olgreb's Toxic Radiance  Pois           2%         N/A       86%         4
 Freezing Cloud           Conj/Ice/Air   1%         6-21      99%         5


Dungeon Overview and Level Annotations

Branches:
Dungeon (3/15)

Altars:

Annotations:
D:3 1 transporter, shmup's ghost, weakling PaWz


Innate Abilities, Weirdness & Mutations

You are very small and have problems with some larger weapons.
You are too small for most types of armour.
You have supernaturally acute eyesight. (SInv)
You cover ground extremely quickly. (Speed+++)


Message History

Press: ? - help, Shift-Dir - straight line, f - gnoll
Aim: a gnoll, wielding a +0 spear (chance to affect: 53%)
You miscast Ensorcelled Hibernation.
You are very lightly contaminated with residual magic.
Nothing appears to happen.
The gnoll hits you from afar with a +0 spear.
Shmup's ghost laughs crazily.
Your magical contamination has completely faded away.
Casting: Ensorcelled Hibernation (safe; 9% risk of failure)
Confirm with . or Enter, or press ? or * to list all spells.
Aiming: Ensorcelled Hibernation (safe; 9% risk of failure)
Press: ? - help, Shift-Dir - straight line, f/p - gnoll
Aim: a gnoll, wielding a +0 spear (chance to affect: 53%)
You miscast Ensorcelled Hibernation.
You are very lightly contaminated with residual magic.
Nothing appears to happen.
The gnoll hits you from afar with a +0 spear.
Shmup's ghost gestures wildly while chanting.
Shmup's ghost blinks!
Shmup's ghost frowns in concentration.
Shmup's ghost casts a spell.
Shmup's ghost blinks!
Shmup's ghost hits you.
Shmup's ghost casts a spell.
Shmup's ghost blinks!
Your magical contamination has completely faded away.
Shmup's ghost whispers, "Trust me.
Just give in."
The gnoll closely misses you.
Casting: Ensorcelled Hibernation (safe; 9% risk of failure)
Confirm with . or Enter, or press ? or * to list all spells.
Aiming: Ensorcelled Hibernation (safe; 9% risk of failure)
Press: ? - help, Shift-Dir - straight line, f - gnoll, p - gnoll
Aim: a gnoll, wielding a +0 spear (chance to affect: 53%)
The gnoll looks drowsy...
The gnoll completely misses you.
You barely miss the gnoll. The gnoll closely misses you.
The gnoll hits you from afar with a +1 halberd of electrocution!
* * * LOW HITPOINT WARNING * * *
The gnoll hits you with a +0 spear.
You die...

####################
###########..................#
#.......................)....#
#.≈≈≈≈≈≈≈≈≈≈≈...≈≈≈≈≈≈≈≈≈≈≈..#
##.≈≈≈≈≈≈≈≈≈≈≈...≈≈≈≈≈≈≈≈≈≈≈..#
#..≈≈#####...........#####≈≈..#
#..≈≈#.#.#.###.©.###.#.#.#≈≈..#
#..≈≈#...###(#####.###...#≈≈..#
#..≈≈###(...)..@.....W.###≈≈..##
#..≈≈.8#.######g######g#8.≈≈....
#..≈≈.##.#$.$#8g.#.⌠.#.##.≈≈.###
#..≈≈.#..'$.:#⌠©.....'..#.≈≈....
#..≈≈.##.#$.=#8..#.⌠.#.##.≈≈...#
#..≈≈.8#§######'######.#8.≈≈.#.#
#..≈≈###.g...g.........###≈≈.#.#
#..≈≈#...###©#####.###...#≈≈.#.#
#..≈≈#.#.#.###.©.###.#.#.#≈≈...#


You could see shmup's ghost and 3 gnolls.

Vanquished Creatures
  Terence (D:3)
  Natasha (thrice) (D:3)
  An adder (D:2)
  2 gnolls (D:3)
  A dart slug (D:2)
  9 orcs (D:3)
  5 ball pythons
  8 bats
  An endoplasm (D:1)
  A giant cockroach (D:1)
  6 goblins
  3 hobgoblins (D:1)
  7 jackals (D:1)
  6 kobolds
  3 quokkas (D:1)
  4 frilled lizards
  8 rats
69 creatures vanquished.

Vanquished Creatures (others)
  6 plants (D:3)
6 creatures vanquished.

Grand Total: 75 creatures vanquished

Notes
Turn   | Place    | Note
-------+----------+-------------------------------------------
     0 | D:1      | LustLizard the Spriggan Enchanter began the quest for the
                  | Orb.
     0 | D:1      | Reached XP level 1. HP: 9/9 MP: 5/5
   303 | D:1      | Got the Disquisition on Conjuration
   349 | D:1      | Reached XP level 2. HP: 8/13 MP: 6/6
   506 | D:1      | Learned a level 2 spell: Ensorcelled Hibernation
  1092 | D:1      | Reached XP level 3. HP: 17/17 MP: 5/8
  2490 | D:2      | Reached skill level 1 in Fighting
  3254 | D:3      | Noticed Natasha
  3263 | D:3      | Killed Natasha
  3264 | D:3      | Reached skill level 5 in Stealth
  3264 | D:3      | Reached XP level 4. HP: 22/22 MP: 9/9
  3610 | D:3      | Found a transporter.
  3622 | D:3      | Noticed shmup's ghost (weakling PaWz)
  3744 | D:3      | Noticed Terence
  3753 | D:3      | Killed Terence
  3754 | D:3      | Reached XP level 5. HP: 25/25 MP: 5/10
  3858 | D:3      | Noticed Natasha
  3863 | D:3      | Killed Natasha
  3864 | D:3      | Reached skill level 5 in Hexes
  3875 | D:3      | Noticed Natasha
  3878 | D:3      | Killed Natasha
  3980 | D:3      | Found a faded altar of an unknown god.
  4026 | D:3      | Found a transporter.
  4383 | D:3      | Slain by a gnoll

Illustrated notes

Levels and vault maps discovered:
D:1:      lemuel_arrival_broad_hall, layout_basic
D:2:      minmay_recursive_quarters, layout_basic
D:3:      layout_loops_ring, shapermc_ecumenical_altar_totnotflames,
          gammafunk_ghost_gnarly_gnolls, uniq_natasha, uniq_terence

Skill      XL: |  1  2  3  4  5 |
---------------+----------------+-----
Hexes          | 4 5 |  5.2
Short Blades   | 2 3 |  3.1
Spellcasting   | 3 |  3.4
Fighting       | 1 |  1.5
Stealth        | 5 |  5.4
Slings         | |  0.4
Dodging        | |  2.6

Action                   |  1- 3 |  4- 6 || total
-------------------------+-------+-------++-------
Melee: Dagger            |   158 |    25 ||   183
       Punch             |     3 |       ||     3
 Cast: Ensorcelled Hiber |    27 |    18 ||    45
 Stab: Sleeping          |    28 |    14 ||    42
       Distracted        |     1 |     1 ||     2
Armor: Robe              |    15 |     1 ||    16
Dodge: Dodged            |   133 |    20 ||   153
